[ AOE2 MATCH · #473095512 ]
UnrankedBerbers vs Hindustanis
[ REPLAY ANALYSIS · EXTRACTED FROM THE RECORDED GAME ]
Feudal
10:32
Castle
14:07
Imperial
29:29
| APM avg | 47.8 |
| APM peak | 99 |
| eAPM avg | 24.7 |
| Villagers / military | 146 / 38 |
Focus
⚔️ 36.7% · 🌾 63.3%
Scout Cavalry ×18 · Bombard Cannon ×10 · Camel Archer ×4 · Trebuchet (Packed) ×3 · Mangonel ×2 · Knight ×1
Feudal
14:31
Castle
18:11
Imperial
—
| APM avg | 50.6 |
| APM peak | 82 |
| eAPM avg | 25.8 |
| Villagers / military | 82 / 21 |
Focus
⚔️ 27.0% · 🌾 73.0%
Cavalry Archer ×16 · Mangonel ×3 · Ghulam ×1 · Scorpion ×1
Feudal
10:35
Castle
15:50
Imperial
—
| APM avg | 37.3 |
| APM peak | 83 |
| eAPM avg | 24.5 |
| Villagers / military | 148 / 32 |
Focus
⚔️ 30.1% · 🌾 69.9%
Bolas Rider ×25 · Mangonel ×5 · Skirmisher ×2
Feudal
8:50
Castle
21:06
Imperial
25:56
| APM avg | 35.9 |
| APM peak | 104 |
| eAPM avg | 23.7 |
| Villagers / military | 78 / 6 |
Focus
⚔️ 34.6% · 🌾 65.4%
Bombard Cannon ×3 · Trebuchet (Packed) ×3
Feudal
11:46
Castle
15:41
Imperial
—
| APM avg | 73.9 |
| APM peak | 131 |
| eAPM avg | 37.0 |
| Villagers / military | 146 / 68 |
Focus
⚔️ 46.4% · 🌾 53.6%
Spearman ×29 · Knight ×22 · Monk ×10 · Mangonel ×4 · Scorpion ×2 · Battering Ram ×1
Feudal
16:09
Castle
20:13
Imperial
—
| APM avg | 62.9 |
| APM peak | 124 |
| eAPM avg | 35.7 |
| Villagers / military | 120 / 16 |
Focus
⚔️ 31.2% · 🌾 68.8%
Monk ×16
Feudal
11:21
Castle
14:51
Imperial
27:22
| APM avg | 56.8 |
| APM peak | 98 |
| eAPM avg | 29.0 |
| Villagers / military | 171 / 7 |
Focus
⚔️ 29.9% · 🌾 70.1%
Unknown (1959) ×21 · Mangonel ×5 · Monk ×2
Feudal
10:28
Castle
19:49
Imperial
33:20
| APM avg | 56.5 |
| APM peak | 133 |
| eAPM avg | 30.5 |
| Villagers / military | 152 / 81 |
Focus
⚔️ 31.2% · 🌾 68.8%
Steppe Lancer ×60 · Scout Cavalry ×9 · Battering Ram ×8 · Camel Scout ×2 · Monk ×1 · Mangonel ×1
Match map
Initial resources + every placement click. Lines = walls · curves = elevation contours. ◆ gold · ⬟ stone · ● berries · ✦ relic · ◌ wall gap
Your base· ✓ Closed at 14:07 · 5t walls · no gate
coolcat23's base· ✓ Closed at 18:11 · 33t walls · 1 gate(s)
qso214's base· ✓ Closed at 15:50 · 44t walls · no gate
triiitCH2's base· ✓ Closed at 21:06 · 40t walls · 1 gate(s)
danger_noodle42's base· ✓ Closed at 15:41 · 12t walls · no gate
OS+ | TeMo's base· ✓ Closed at 20:13 · 19t walls · 1 gate(s)
abundzuehalt's base· ✓ Closed at 14:51 · 5t walls · 5 gate(s)
CorsoLa's base· ✓ Closed at 19:49 · 10t walls · no gate
Smoothed initial terrain · ◌ = detected wall gap · hover for details
Inputs per minute
— BalvinatoR - - coolcat23
Build order — BalvinatoR
First 150 of 326 actions detected
| 0:02 | Queue | Villager (Male) |
| 0:02 | Queue | Villager (Male) |
| 0:03 | Build | House |
| 0:04 | Build | House |
| 0:06 | Queue | Villager (Male) |
| 0:07 | Queue | Villager (Male) |
| 1:38 | Queue | Villager (Male) |
| 1:38 | Queue | Villager (Male) |
| 1:42 | Queue | Villager (Male) |
| 1:43 | Queue | Villager (Male) |
| 2:16 | Build | Lumber Camp |
| 2:18 | Queue | Villager (Male) |
| 2:19 | Queue | Villager (Male) |
| 2:41 | Queue | Villager (Male) |
| 2:47 | Queue | Villager (Male) |
| 3:17 | Queue | Villager (Male) |
| 3:18 | Queue | Villager (Male) |
| 3:25 | Build | House |
| 3:45 | Build | Palisade Wall |
| 4:02 | Queue | Villager (Male) |
| 4:02 | Queue | Villager (Male) |
| 4:04 | Queue | Villager (Male) |
| 4:04 | Queue | Villager (Male) |
| 4:39 | Build | Palisade Wall |
| 4:39 | Build | Palisade Wall |
| 4:42 | Build | Palisade Wall |
| 4:44 | Build | Palisade Wall |
| 4:53 | Queue | Villager (Male) |
| 4:56 | Build | Mill |
| 5:17 | Queue | Villager (Male) |
| 5:17 | Queue | Villager (Male) |
| 5:33 | Build | House |
| 5:45 | Queue | Villager (Male) |
| 5:45 | Queue | Villager (Male) |
| 6:11 | Queue | Villager (Male) |
| 6:38 | Queue | Villager (Male) |
| 7:18 | Queue | Villager (Male) |
| 7:39 | Build | Mining Camp |
| 7:54 | Queue | Villager (Male) |
| 8:00 | Research | Feudal Age |
| 8:00 | Research | Feudal Age |
| 9:32 | Build | House |
| 10:03 | Queue | Villager (Male) |
| 10:03 | Queue | Villager (Male) |
| 10:32 | Age | Feudal Age |
| 10:37 | Build | Market |
| 10:39 | Build | Blacksmith |
| 11:27 | Research | Castle Age |
| 11:28 | Research | Castle Age |
| 11:28 | Research | Castle Age |
| 11:42 | Build | Lumber Camp |
| 11:46 | Research | Double-Bit Axe |
| 11:50 | Research | Horse Collar |
| 12:49 | Queue | Villager (Male) |
| 12:53 | Build | House |
| 12:53 | Build | House |
| 13:29 | Build | House |
| 14:07 | Age | Castle Age |
| 14:16 | Queue | Villager (Male) |
| 14:20 | Build | Town Center |
| 14:24 | Build | Town Center |
| 14:29 | Research | Bow Saw |
| 14:29 | Research | Bow Saw |
| 14:30 | Queue | Villager (Male) |
| 15:01 | Build | House |
| 15:09 | Queue | Villager (Male) |
| 15:24 | Queue | Villager (Male) |
| 15:45 | Build | Farm |
| 15:47 | Queue | Villager (Male) |
| 15:50 | Queue | Villager (Male) |
| 15:51 | Build | Farm |
| 15:59 | Build | Farm |
| 16:01 | Build | Farm |
| 16:01 | Build | Farm |
| 16:04 | Build | Farm |
| 16:12 | Queue | Villager (Male) |
| 16:16 | Queue | Villager (Male) ×4 |
| 16:16 | Queue | Villager (Male) ×4 |
| 16:29 | Build | House |
| 16:35 | Queue | Villager (Male) ×2 |
| 16:41 | Build | Farm |
| 16:45 | Build | Farm |
| 16:50 | Build | Farm |
| 16:51 | Build | Farm |
| 17:02 | Queue | Villager (Male) |
| 17:10 | Queue | Villager (Male) |
| 17:13 | Queue | Villager (Male) |
| 17:21 | Build | Farm |
| 17:21 | Build | Farm |
| 17:21 | Build | Farm |
| 17:21 | Build | Farm |
| 17:22 | Build | Farm |
| 17:32 | Build | Farm |
| 17:52 | Build | House |
| 17:53 | Queue | Villager (Male) |
| 17:53 | Queue | Villager (Male) |
| 17:59 | Build | Barracks |
| 18:05 | Queue | Villager (Male) |
| 18:09 | Queue | Villager (Male) |
| 18:11 | Queue | Villager (Male) |
| 18:23 | Queue | Villager (Male) |
| 18:30 | Queue | Villager (Male) |
| 18:34 | Build | Town Center |
| 18:36 | Queue | Villager (Male) |
| 18:39 | Queue | Villager (Male) |
| 18:42 | Build | Farm |
| 18:42 | Build | Farm |
| 18:45 | Build | House |
| 18:48 | Queue | Villager (Male) |
| 18:51 | Build | Farm |
| 18:54 | Queue | Villager (Male) |
| 19:27 | Queue | Villager (Male) |
| 19:30 | Queue | Villager (Male) |
| 19:32 | Build | Farm |
| 19:32 | Build | Farm |
| 19:33 | Build | Farm |
| 19:33 | Build | Farm |
| 19:33 | Build | Farm |
| 19:40 | Build | Stable |
| 19:42 | Queue | Villager (Male) |
| 19:42 | Queue | Villager (Male) |
| 19:44 | Build | Farm |
| 19:44 | Build | Farm |
| 19:45 | Queue | Villager (Male) |
| 19:48 | Build | Farm |
| 19:49 | Build | Farm |
| 19:49 | Build | Farm |
| 19:49 | Build | Farm |
| 19:49 | Build | Farm |
| 19:50 | Build | Farm |
| 19:52 | Queue | Villager (Male) |
| 19:55 | Queue | Villager (Male) ×2 |
| 19:55 | Queue | Villager (Male) ×2 |
| 20:02 | Build | Farm |
| 20:03 | Build | Farm |
| 20:07 | Build | House |
| 20:08 | Build | House |
| 20:15 | Queue | Villager (Male) |
| 20:23 | Build | Farm |
| 20:25 | Build | Farm |
| 20:26 | Build | Farm |
| 20:28 | Queue | Villager (Male) |
| 20:29 | Queue | Villager (Male) |
| 20:48 | Queue | Knight |
| 20:56 | Queue | Scout Cavalry |
| 21:01 | Queue | Villager (Male) |
| 21:01 | Queue | Villager (Male) |
| 21:02 | Queue | Villager (Male) |
| 21:04 | Build | Farm |
| 21:05 | Queue | Villager (Male) |
Build order — coolcat23
First 150 of 206 actions detected
| 0:00 | Queue | Villager (Male) |
| 0:00 | Queue | Villager (Male) |
| 0:01 | Queue | Villager (Male) |
| 0:02 | Build | House |
| 0:03 | Build | House |
| 0:19 | Queue | Villager (Male) |
| 1:08 | Queue | Villager (Male) |
| 1:37 | Research | Loom |
| 1:38 | Queue | Villager (Male) |
| 1:39 | Queue | Villager (Male) |
| 2:18 | Queue | Villager (Male) |
| 2:19 | Queue | Villager (Male) |
| 2:55 | Queue | Villager (Male) |
| 2:57 | Queue | Villager (Male) |
| 3:49 | Queue | Villager (Male) |
| 3:50 | Queue | Villager (Male) |
| 4:21 | Queue | Villager (Male) |
| 4:58 | Queue | Villager (Male) |
| 5:03 | Build | House |
| 5:35 | Queue | Villager (Male) |
| 5:35 | Queue | Villager (Male) |
| 6:28 | Queue | Villager (Male) |
| 6:45 | Queue | Villager (Male) |
| 7:26 | Queue | Villager (Male) |
| 7:40 | Build | Palisade Gate |
| 7:50 | Queue | Villager (Male) |
| 7:50 | Queue | Villager (Male) |
| 8:08 | Build | Palisade Wall |
| 8:19 | Queue | Villager (Male) |
| 8:38 | Build | House |
| 8:41 | Build | Palisade Wall |
| 8:43 | Queue | Villager (Male) |
| 8:58 | Queue | Villager (Male) |
| 9:09 | Queue | Villager (Male) |
| 9:55 | Queue | Villager (Male) |
| 10:23 | Build | Lumber Camp |
| 10:36 | Queue | Villager (Male) |
| 10:38 | Queue | Villager (Male) |
| 10:52 | Build | Palisade Wall |
| 11:18 | Build | Mill |
| 11:20 | Queue | Villager (Male) |
| 11:52 | Queue | Villager (Male) |
| 11:57 | Build | House |
| 12:21 | Research | Feudal Age |
| 12:21 | Research | Feudal Age |
| 12:21 | Research | Feudal Age |
| 12:21 | Research | Feudal Age |
| 12:28 | Build | Mining Camp |
| 13:47 | Queue | Villager (Male) |
| 13:48 | Queue | Villager (Male) |
| 14:17 | Build | Outpost |
| 14:31 | Age | Feudal Age |
| 14:35 | Build | Stone Wall |
| 14:37 | Build | Stone Wall |
| 14:39 | Build | Stone Wall |
| 14:45 | Build | Market |
| 14:48 | Build | Blacksmith |
| 15:31 | Research | Castle Age |
| 15:31 | Research | Castle Age |
| 15:31 | Research | Castle Age |
| 15:31 | Research | Castle Age |
| 15:31 | Research | Castle Age |
| 15:31 | Research | Castle Age |
| 15:40 | Build | Lumber Camp |
| 16:31 | Build | Farm |
| 16:32 | Build | Farm |
| 16:33 | Build | Farm |
| 16:45 | Research | Double-Bit Axe |
| 16:50 | Build | House |
| 17:34 | Research | Horse Collar |
| 17:37 | Build | Farm |
| 17:48 | Build | House |
| 17:59 | Build | Stone Wall |
| 18:11 | Age | Castle Age |
| 18:13 | Build | Siege Workshop |
| 18:16 | Build | Stone Wall |
| 18:17 | Queue | Villager (Male) |
| 18:17 | Queue | Villager (Male) |
| 18:32 | Build | Stone Wall |
| 18:39 | Queue | Mangonel |
| 18:49 | Build | Stone Wall |
| 18:50 | Build | House |
| 18:51 | Queue | Villager (Male) |
| 19:21 | Build | House |
| 19:29 | Queue | Villager (Male) |
| 19:32 | Build | Town Center |
| 19:52 | Build | House |
| 19:54 | Queue | Villager (Male) |
| 20:13 | Queue | Mangonel |
| 20:25 | Queue | Villager (Male) |
| 20:27 | Build | Farm |
| 20:45 | Build | House |
| 20:45 | Queue | Villager (Male) |
| 21:09 | Build | House |
| 21:12 | Build | Palisade Wall |
| 21:14 | Build | House |
| 21:17 | Queue | Villager (Male) |
| 21:17 | Queue | Villager (Male) |
| 21:22 | Build | Mining Camp |
| 21:37 | Queue | Villager (Male) |
| 21:49 | Research | Bow Saw |
| 21:52 | Build | Farm |
| 22:14 | Queue | Villager (Male) |
| 22:23 | Queue | Villager (Male) |
| 22:25 | Build | Farm |
| 22:33 | Queue | Villager (Male) |
| 22:33 | Queue | Villager (Male) |
| 22:35 | Build | Farm |
| 22:36 | Build | Farm |
| 23:06 | Queue | Villager (Male) |
| 23:06 | Queue | Villager (Male) |
| 23:08 | Build | Farm |
| 23:20 | Build | House |
| 23:24 | Queue | Villager (Male) |
| 23:28 | Build | Barracks |
| 23:30 | Build | Palisade Wall |
| 23:32 | Build | Palisade Wall |
| 23:38 | Queue | Mangonel |
| 23:40 | Queue | Villager (Male) |
| 23:43 | Queue | Villager (Male) |
| 23:44 | Queue | Villager (Male) |
| 23:54 | Queue | Villager (Male) |
| 24:01 | Queue | Villager (Male) |
| 24:03 | Build | Farm |
| 24:23 | Build | Farm |
| 24:34 | Build | Archery Range |
| 24:42 | Build | Stone Wall |
| 25:07 | Queue | Villager (Male) |
| 25:07 | Queue | Villager (Male) |
| 25:08 | Queue | Villager (Male) |
| 25:23 | Research | Fletching |
| 25:29 | Queue | Villager (Male) |
| 25:40 | Queue | Cavalry Archer |
| 25:47 | Queue | Scorpion |
| 26:21 | Build | Archery Range |
| 26:22 | Queue | Cavalry Archer |
| 26:23 | Queue | Cavalry Archer |
| 26:24 | Queue | Villager (Male) |
| 26:24 | Queue | Villager (Male) |
| 26:24 | Queue | Villager (Male) |
| 27:09 | Research | Bodkin Arrow |
| 27:11 | Queue | Cavalry Archer |
| 27:11 | Queue | Cavalry Archer |
| 27:13 | Queue | Villager (Male) |
| 27:17 | Build | House |
| 27:21 | Queue | Cavalry Archer |
| 27:23 | Queue | Cavalry Archer |
| 27:23 | Queue | Villager (Male) |
| 27:36 | Queue | Cavalry Archer |
| 27:37 | Queue | Cavalry Archer |
Build order — qso214
First 150 of 296 actions detected
| 0:01 | Queue | Villager (Male) |
| 0:01 | Queue | Villager (Male) |
| 0:02 | Queue | Villager (Male) |
| 0:02 | Queue | Villager (Male) |
| 0:03 | Build | House |
| 0:04 | Build | House |
| 0:12 | Research | Loom |
| 0:29 | Queue | Villager (Male) |
| 0:35 | Build | Palisade Wall |
| 0:37 | Queue | Villager (Male) |
| 0:38 | Queue | Villager (Male) |
| 0:38 | Queue | Villager (Male) |
| 1:42 | Queue | Villager (Male) |
| 1:42 | Queue | Villager (Male) |
| 1:43 | Queue | Villager (Male) |
| 2:23 | Queue | Villager (Male) |
| 2:23 | Queue | Villager (Male) |
| 2:23 | Queue | Villager (Male) |
| 2:53 | Build | Settlement |
| 2:56 | Queue | Villager (Male) |
| 3:20 | Queue | Villager (Male) |
| 3:20 | Queue | Villager (Male) |
| 3:20 | Queue | Villager (Male) |
| 3:47 | Queue | Villager (Male) |
| 3:48 | Queue | Villager (Male) |
| 3:48 | Queue | Villager (Male) |
| 4:15 | Queue | Villager (Male) |
| 4:15 | Queue | Villager (Male) |
| 4:29 | Queue | Villager (Male) |
| 4:30 | Queue | Villager (Male) |
| 4:51 | Queue | Villager (Male) |
| 4:51 | Queue | Villager (Male) |
| 4:51 | Queue | Villager (Male) |
| 5:14 | Queue | Villager (Male) |
| 5:14 | Queue | Villager (Male) |
| 5:52 | Queue | Villager (Male) |
| 5:53 | Queue | Villager (Male) |
| 5:53 | Queue | Villager (Male) |
| 6:06 | Build | Settlement |
| 6:23 | Queue | Villager (Male) |
| 6:23 | Queue | Villager (Male) |
| 6:23 | Queue | Villager (Male) |
| 7:03 | Queue | Villager (Male) |
| 7:03 | Queue | Villager (Male) |
| 7:03 | Queue | Villager (Male) |
| 7:16 | Queue | Villager (Male) |
| 7:24 | Build | Settlement |
| 8:21 | Research | Feudal Age |
| 9:04 | Build | Palisade Wall |
| 10:10 | Build | Palisade Wall |
| 10:32 | Queue | Villager (Male) |
| 10:33 | Queue | Villager (Male) |
| 10:35 | Age | Feudal Age |
| 10:38 | Build | Stone Wall |
| 10:44 | Build | Market |
| 10:54 | Queue | Villager (Male) |
| 10:54 | Queue | Villager (Male) |
| 12:01 | Build | Watch Tower |
| 12:11 | Queue | Villager (Male) |
| 12:22 | Build | Blacksmith |
| 13:10 | Research | Castle Age |
| 13:10 | Research | Castle Age |
| 13:11 | Research | Castle Age |
| 13:32 | Build | Settlement |
| 14:48 | Build | Settlement |
| 15:05 | Queue | Skirmisher |
| 15:06 | Queue | Skirmisher |
| 15:10 | Research | Horse Collar |
| 15:17 | Research | Double-Bit Axe |
| 15:18 | Research | Horse Collar |
| 15:49 | Queue | Villager (Male) |
| 15:50 | Age | Castle Age |
| 16:10 | Build | Town Center |
| 16:17 | Queue | Villager (Male) |
| 16:18 | Queue | Villager (Male) |
| 16:26 | Queue | Villager (Male) |
| 16:26 | Queue | Villager (Male) |
| 16:30 | Build | Farm |
| 16:35 | Build | Farm |
| 16:47 | Build | Farm |
| 16:48 | Queue | Villager (Male) |
| 16:54 | Build | Farm |
| 17:17 | Build | Stone Wall |
| 17:18 | Build | Stone Wall |
| 17:21 | Queue | Villager (Male) |
| 17:31 | Build | Siege Workshop |
| 17:56 | Queue | Villager (Male) |
| 18:09 | Queue | Mangonel |
| 18:09 | Queue | Mangonel |
| 18:24 | Queue | Villager (Male) |
| 18:24 | Queue | Villager (Male) |
| 18:24 | Queue | Villager (Male) |
| 18:37 | Build | Farm |
| 18:38 | Build | Farm |
| 18:44 | Build | Farm |
| 18:44 | Build | Farm |
| 18:45 | Queue | Villager (Male) |
| 18:45 | Queue | Villager (Male) |
| 19:15 | Queue | Villager (Male) |
| 19:15 | Queue | Villager (Male) |
| 19:24 | Build | House |
| 19:24 | Build | House |
| 19:25 | Build | House |
| 19:25 | Build | House |
| 19:27 | Build | Farm |
| 19:27 | Build | Farm |
| 19:28 | Build | Farm |
| 19:28 | Build | Farm |
| 19:28 | Build | Farm |
| 19:29 | Build | Farm |
| 19:29 | Build | Farm |
| 19:29 | Build | Farm |
| 19:29 | Build | Farm |
| 19:46 | Queue | Villager (Male) |
| 19:46 | Queue | Villager (Male) |
| 19:51 | Build | Farm |
| 20:12 | Queue | Villager (Male) |
| 20:12 | Queue | Villager (Male) |
| 20:12 | Queue | Villager (Male) |
| 20:13 | Queue | Villager (Male) |
| 20:27 | Queue | Mangonel |
| 20:29 | Build | Stone Wall |
| 20:31 | Build | Stone Wall |
| 20:33 | Build | Stone Wall |
| 20:56 | Queue | Villager (Male) |
| 21:10 | Queue | Villager (Male) |
| 21:10 | Queue | Villager (Male) |
| 21:11 | Queue | Villager (Male) |
| 21:33 | Queue | Mangonel |
| 21:33 | Queue | Mangonel |
| 21:34 | Queue | Villager (Male) |
| 21:34 | Queue | Villager (Male) |
| 21:41 | Queue | Villager (Male) |
| 21:41 | Queue | Villager (Male) |
| 22:00 | Queue | Villager (Male) |
| 22:00 | Queue | Villager (Male) |
| 22:00 | Queue | Villager (Male) |
| 22:12 | Build | Castle |
| 22:28 | Build | Castle |
| 22:54 | Queue | Villager (Male) |
| 22:54 | Queue | Villager (Male) |
| 22:54 | Queue | Villager (Male) |
| 22:55 | Queue | Villager (Male) |
| 23:08 | Build | Town Center |
| 23:19 | Queue | Villager (Male) |
| 23:28 | Queue | Villager (Male) |
| 23:48 | Build | Farm |
| 23:49 | Build | Farm |
| 23:51 | Build | Farm |
| 23:58 | Research | Bow Saw |
Build order — triiitCH2
First 150 of 177 actions detected
| 0:00 | Queue | Villager (Male) |
| 0:01 | Queue | Villager (Male) |
| 0:02 | Build | House |
| 0:03 | Build | House |
| 0:05 | Queue | Villager (Male) |
| 0:05 | Queue | Villager (Male) |
| 1:30 | Queue | Villager (Male) |
| 1:44 | Build | House |
| 1:52 | Queue | Villager (Male) |
| 2:16 | Build | Palisade Wall |
| 2:20 | Queue | Villager (Male) |
| 2:21 | Queue | Villager (Male) |
| 2:50 | Queue | Villager (Male) |
| 3:10 | Queue | Villager (Male) |
| 3:27 | Build | Lumber Camp |
| 3:46 | Queue | Villager (Male) |
| 4:01 | Queue | Villager (Male) |
| 5:05 | Queue | Villager (Male) |
| 5:28 | Queue | Villager (Male) |
| 5:33 | Build | Mill |
| 5:35 | Queue | Villager (Male) |
| 6:05 | Research | Loom |
| 6:37 | Research | Feudal Age |
| 6:37 | Research | Feudal Age |
| 6:58 | Build | Mining Camp |
| 7:25 | Build | House |
| 7:28 | Queue | Villager (Male) |
| 8:01 | Queue | Villager (Male) |
| 8:50 | Age | Feudal Age |
| 9:09 | Research | Double-Bit Axe |
| 9:12 | Queue | Villager (Male) |
| 9:17 | Build | Watch Tower |
| 9:23 | Queue | Villager (Male) |
| 9:36 | Queue | Villager (Male) |
| 9:42 | Research | Horse Collar |
| 9:49 | Queue | Villager (Male) |
| 10:27 | Queue | Villager (Male) |
| 10:31 | Queue | Villager (Male) |
| 10:35 | Build | Farm |
| 10:42 | Queue | Villager (Male) |
| 10:46 | Build | Farm |
| 10:48 | Queue | Villager (Male) |
| 10:50 | Build | House |
| 10:51 | Build | House |
| 11:00 | Queue | Villager (Male) |
| 11:05 | Build | Farm |
| 11:07 | Queue | Villager (Male) |
| 11:12 | Queue | Villager (Male) |
| 11:22 | Queue | Villager (Male) |
| 11:31 | Build | Farm |
| 11:32 | Queue | Villager (Male) |
| 12:00 | Build | Watch Tower |
| 12:05 | Build | Stone Wall |
| 12:14 | Queue | Villager (Male) |
| 12:26 | Queue | Villager (Male) |
| 12:46 | Build | Blacksmith |
| 12:52 | Queue | Villager (Male) |
| 12:59 | Queue | Villager (Male) |
| 13:03 | Queue | Villager (Male) |
| 13:06 | Build | Farm |
| 13:10 | Queue | Villager (Male) |
| 13:41 | Queue | Villager (Male) |
| 13:50 | Research | Fletching |
| 14:07 | Build | House |
| 14:09 | Queue | Villager (Male) |
| 14:12 | Build | Farm |
| 14:13 | Build | Farm |
| 14:49 | Build | Stone Wall |
| 14:51 | Build | Stone Wall |
| 14:58 | Queue | Villager (Male) |
| 15:00 | Build | Farm |
| 15:03 | Build | Farm |
| 15:04 | Build | Farm |
| 15:06 | Build | Farm |
| 15:07 | Queue | Villager (Male) |
| 15:38 | Build | Stone Wall |
| 15:42 | Build | Mining Camp |
| 15:44 | Queue | Villager (Male) |
| 15:50 | Queue | Villager (Male) |
| 15:54 | Build | Market |
| 16:33 | Queue | Villager (Male) |
| 16:36 | Build | Farm |
| 16:36 | Build | Farm |
| 16:39 | Build | Farm |
| 16:52 | Queue | Villager (Male) |
| 16:54 | Build | House |
| 16:55 | Build | House |
| 17:10 | Build | Farm |
| 17:13 | Build | Farm |
| 17:33 | Queue | Villager (Male) |
| 17:38 | Queue | Villager (Male) |
| 18:02 | Build | Lumber Camp |
| 18:19 | Research | Castle Age |
| 18:51 | Research | Gold Mining |
| 18:59 | Build | Gate |
| 19:05 | Build | Stone Wall |
| 20:10 | Queue | Villager (Male) |
| 20:20 | Build | Farm |
| 20:21 | Build | Farm |
| 20:23 | Queue | Villager (Male) |
| 20:25 | Build | Mining Camp |
| 21:06 | Age | Castle Age |
| 21:29 | Build | Castle |
| 21:43 | Queue | Villager (Male) |
| 22:13 | Queue | Villager (Male) |
| 22:14 | Build | Farm |
| 22:27 | Build | Palisade Wall |
| 22:29 | Build | Palisade Wall |
| 22:46 | Research | Imperial Age |
| 22:46 | Research | Imperial Age |
| 22:48 | Build | Lumber Camp |
| 22:57 | Build | University |
| 23:23 | Research | Bodkin Arrow |
| 23:25 | Queue | Villager (Male) |
| 23:27 | Queue | Villager (Male) |
| 23:45 | Queue | Villager (Male) |
| 23:57 | Research | Bow Saw |
| 24:04 | Build | Outpost |
| 24:09 | Research | Town Watch |
| 24:50 | Research | Ballistics |
| 25:10 | Build | Siege Workshop |
| 25:32 | Queue | Villager (Male) |
| 25:43 | Queue | Villager (Male) |
| 25:56 | Age | Imperial Age |
| 25:58 | Queue | Trebuchet (Packed) |
| 26:02 | Research | Chemistry |
| 26:24 | Build | Mining Camp |
| 26:26 | Queue | Villager (Male) |
| 26:27 | Research | Stone Mining |
| 26:32 | Queue | Trebuchet (Packed) |
| 26:43 | Build | Gate |
| 26:59 | Build | Stone Wall |
| 27:01 | Build | Stone Wall |
| 27:02 | Build | Stone Wall |
| 27:03 | Build | Stone Wall |
| 27:22 | Build | Stone Wall |
| 27:28 | Research | Conscription |
| 27:29 | Queue | Trebuchet (Packed) |
| 27:30 | Queue | Villager (Male) |
| 27:34 | Queue | Bombard Cannon |
| 27:43 | Queue | Villager (Male) |
| 27:52 | Build | Barracks |
| 27:55 | Queue | Villager (Male) |
| 27:55 | Queue | Villager (Male) |
| 28:00 | Research | Wheelbarrow |
| 28:08 | Build | Stone Wall |
| 28:09 | Build | Stone Wall |
| 28:23 | Queue | Villager (Male) |
| 28:41 | Queue | Bombard Cannon |
| 28:44 | Queue | Villager (Male) |
Build order — danger_noodle42
First 150 of 359 actions detected
| 0:00 | Queue | Villager (Male) |
| 0:01 | Queue | Villager (Male) |
| 0:01 | Queue | Villager (Male) |
| 0:02 | Build | House |
| 0:03 | Build | House |
| 0:10 | Queue | Villager (Male) |
| 1:23 | Queue | Villager (Male) |
| 1:51 | Build | Lumber Camp |
| 2:02 | Queue | Villager (Male) |
| 2:14 | Queue | Villager (Male) |
| 2:51 | Queue | Villager (Male) |
| 3:12 | Queue | Villager (Male) |
| 3:42 | Queue | Villager (Male) |
| 3:49 | Build | House |
| 3:55 | Queue | Villager (Male) |
| 4:28 | Queue | Villager (Male) |
| 4:54 | Queue | Villager (Male) |
| 5:11 | Build | Mill |
| 5:14 | Queue | Villager (Male) |
| 5:29 | Queue | Villager (Male) |
| 5:32 | Build | House |
| 5:35 | Build | House |
| 5:37 | Queue | Villager (Male) |
| 6:32 | Queue | Villager (Male) |
| 6:41 | Queue | Villager (Male) |
| 6:53 | Queue | Villager (Male) |
| 7:04 | Queue | Villager (Male) |
| 7:28 | Queue | Villager (Male) |
| 7:28 | Queue | Villager (Male) |
| 7:33 | Build | Farm |
| 7:35 | Build | Farm |
| 7:40 | Queue | Villager (Male) |
| 7:53 | Queue | Villager (Male) |
| 8:07 | Queue | Villager (Male) |
| 8:08 | Queue | Villager (Male) |
| 8:09 | Build | House |
| 8:23 | Queue | Villager (Male) |
| 8:29 | Queue | Villager (Male) |
| 8:37 | Build | House |
| 8:43 | Queue | Villager (Male) |
| 8:54 | Queue | Villager (Male) |
| 9:15 | Queue | Villager (Male) |
| 9:23 | Research | Feudal Age |
| 9:25 | Build | Mining Camp |
| 9:27 | Build | Farm |
| 10:04 | Build | Barracks |
| 10:33 | Queue | Villager (Male) |
| 11:31 | Build | Palisade Wall |
| 11:32 | Build | Palisade Wall |
| 11:33 | Build | Palisade Wall |
| 11:39 | Build | Palisade Wall |
| 11:46 | Age | Feudal Age |
| 11:48 | Build | Stable |
| 11:50 | Queue | Villager (Male) |
| 12:20 | Build | Blacksmith |
| 12:30 | Build | House |
| 12:33 | Queue | Villager (Male) |
| 12:52 | Build | Lumber Camp |
| 12:52 | Research | Castle Age |
| 12:53 | Research | Castle Age |
| 13:16 | Build | House |
| 13:19 | Build | Palisade Wall |
| 13:19 | Build | Palisade Wall |
| 13:23 | Build | Palisade Wall |
| 13:25 | Build | Palisade Wall |
| 13:28 | Build | Palisade Wall |
| 13:29 | Build | Palisade Wall |
| 13:36 | Research | Double-Bit Axe |
| 13:37 | Research | Horse Collar |
| 13:51 | Queue | Villager (Male) |
| 14:15 | Build | Palisade Wall |
| 14:20 | Build | Palisade Wall |
| 14:28 | Queue | Villager (Male) |
| 14:45 | Queue | Villager (Male) |
| 15:04 | Research | Gold Mining |
| 15:15 | Build | House |
| 15:41 | Age | Castle Age |
| 15:44 | Build | Siege Workshop |
| 15:44 | Queue | Knight |
| 15:45 | Research | Bow Saw |
| 15:51 | Build | Town Center |
| 16:00 | Queue | Villager (Male) |
| 16:07 | Queue | Spearman |
| 16:13 | Queue | Villager (Male) |
| 16:26 | Queue | Villager (Male) |
| 16:30 | Queue | Battering Ram |
| 16:32 | Queue | Spearman |
| 16:35 | Build | House |
| 16:40 | Queue | Villager (Male) |
| 17:00 | Queue | Villager (Male) |
| 17:03 | Queue | Knight |
| 17:21 | Queue | Mangonel |
| 17:29 | Queue | Villager (Male) |
| 17:34 | Build | Monastery |
| 17:38 | Queue | Knight |
| 17:46 | Queue | Villager (Male) |
| 17:53 | Build | Farm |
| 17:53 | Queue | Villager (Male) |
| 17:55 | Build | Farm |
| 17:59 | Queue | Knight |
| 18:02 | Queue | Villager (Male) |
| 18:09 | Queue | Villager (Male) |
| 18:14 | Build | Farm |
| 18:15 | Build | Farm |
| 18:17 | Build | Farm |
| 18:22 | Queue | Monk |
| 18:23 | Queue | Villager (Male) |
| 18:34 | Build | House |
| 18:45 | Queue | Villager (Male) |
| 18:49 | Queue | Villager (Male) |
| 19:03 | Queue | Villager (Male) |
| 19:17 | Queue | Villager (Male) |
| 19:21 | Queue | Mangonel |
| 19:24 | Queue | Villager (Male) |
| 19:27 | Queue | Villager (Male) |
| 19:59 | Queue | Villager (Male) |
| 20:18 | Queue | Villager (Male) |
| 20:24 | Queue | Villager (Male) |
| 20:27 | Build | Town Center |
| 20:29 | Queue | Mangonel |
| 20:54 | Queue | Villager (Male) |
| 21:10 | Queue | Villager (Male) |
| 21:19 | Queue | Villager (Male) |
| 21:21 | Build | Farm |
| 21:21 | Build | Farm |
| 21:22 | Build | Farm |
| 21:22 | Build | Farm |
| 21:22 | Build | Farm |
| 21:23 | Build | Farm |
| 21:23 | Build | Farm |
| 21:25 | Build | House |
| 21:27 | Queue | Villager (Male) |
| 21:29 | Queue | Villager (Male) |
| 21:33 | Queue | Villager (Male) |
| 21:35 | Build | Farm |
| 21:35 | Build | Farm |
| 21:35 | Build | Farm |
| 21:36 | Build | Farm |
| 21:36 | Build | Farm |
| 21:36 | Build | Farm |
| 21:37 | Research | Redemption |
| 21:44 | Queue | Spearman |
| 21:45 | Queue | Spearman |
| 21:46 | Queue | Villager (Male) |
| 21:48 | Queue | Villager (Male) |
| 22:00 | Queue | Villager (Male) |
| 22:22 | Queue | Villager (Male) |
| 22:32 | Queue | Villager (Male) |
| 22:56 | Queue | Villager (Male) |
| 23:02 | Queue | Villager (Male) |
Build order — OS+ | TeMo
First 150 of 248 actions detected
| 0:00 | Queue | Villager (Male) |
| 0:01 | Queue | Villager (Male) |
| 0:02 | Build | House |
| 0:02 | Build | House |
| 0:04 | Queue | Villager (Male) |
| 0:04 | Queue | Villager (Male) |
| 0:38 | Research | Loom |
| 0:41 | Queue | Villager (Male) |
| 0:41 | Queue | Villager (Male) |
| 2:02 | Queue | Villager (Male) |
| 2:22 | Build | Palisade Wall |
| 2:24 | Build | Palisade Wall |
| 2:36 | Queue | Villager (Male) |
| 2:36 | Queue | Villager (Male) |
| 3:00 | Queue | Villager (Male) |
| 3:33 | Queue | Villager (Male) |
| 4:02 | Queue | Villager (Male) |
| 4:22 | Queue | Villager (Male) |
| 4:23 | Queue | Villager (Male) |
| 4:52 | Queue | Villager (Male) |
| 4:58 | Build | House |
| 5:22 | Queue | Villager (Male) |
| 5:46 | Queue | Villager (Male) |
| 6:04 | Queue | Villager (Male) |
| 6:04 | Queue | Villager (Male) |
| 6:37 | Queue | Villager (Male) |
| 6:37 | Queue | Villager (Male) |
| 7:07 | Queue | Villager (Male) |
| 7:18 | Queue | Villager (Male) |
| 7:28 | Build | Palisade Wall |
| 7:52 | Queue | Villager (Male) |
| 7:52 | Queue | Villager (Male) |
| 8:27 | Queue | Villager (Male) |
| 8:38 | Build | House |
| 8:40 | Queue | Villager (Male) |
| 9:10 | Queue | Villager (Male) |
| 9:19 | Build | Palisade Wall |
| 9:33 | Build | House |
| 9:41 | Queue | Villager (Male) |
| 9:41 | Queue | Villager (Male) |
| 9:55 | Queue | Villager (Male) |
| 9:56 | Build | House |
| 10:13 | Queue | Villager (Male) |
| 10:58 | Build | Lumber Camp |
| 11:03 | Queue | Villager (Male) |
| 11:06 | Build | Lumber Camp |
| 11:23 | Build | House |
| 11:25 | Queue | Villager (Male) |
| 11:48 | Queue | Villager (Male) |
| 12:11 | Build | Mill |
| 12:15 | Queue | Villager (Male) |
| 12:40 | Queue | Villager (Male) |
| 13:07 | Build | Lumber Camp |
| 13:08 | Queue | Villager (Male) |
| 13:34 | Queue | Villager (Male) |
| 13:38 | Research | Feudal Age |
| 13:48 | Build | Farm |
| 13:57 | Build | Farm |
| 14:17 | Build | Mining Camp |
| 14:30 | Build | Farm |
| 14:40 | Build | Farm |
| 14:42 | Queue | Villager (Male) |
| 14:58 | Build | Farm |
| 15:08 | Build | House |
| 15:33 | Build | Farm |
| 15:34 | Build | Farm |
| 15:40 | Build | Farm |
| 15:44 | Build | Farm |
| 15:58 | Queue | Villager (Male) |
| 16:09 | Age | Feudal Age |
| 16:20 | Build | Blacksmith |
| 16:46 | Build | Market |
| 17:04 | Queue | Villager (Male) |
| 17:30 | Build | Farm |
| 17:33 | Research | Castle Age |
| 17:33 | Research | Castle Age |
| 17:44 | Research | Double-Bit Axe |
| 18:07 | Build | Farm |
| 18:09 | Build | Farm |
| 18:11 | Build | Farm |
| 18:18 | Queue | Villager (Male) |
| 18:21 | Research | Horse Collar |
| 18:31 | Build | Farm |
| 18:44 | Build | House |
| 18:47 | Build | House |
| 18:47 | Build | House |
| 19:38 | Queue | Villager (Male) |
| 19:59 | Build | House |
| 20:09 | Build | Palisade Gate |
| 20:10 | Build | House |
| 20:11 | Build | Palisade Wall |
| 20:13 | Age | Castle Age |
| 20:16 | Build | Town Center |
| 20:16 | Research | Bow Saw |
| 20:20 | Queue | Villager (Male) |
| 20:31 | Queue | Villager (Male) |
| 20:38 | Build | House |
| 20:39 | Queue | Villager (Male) |
| 20:44 | Build | Farm |
| 20:45 | Queue | Villager (Male) |
| 20:51 | Queue | Villager (Male) |
| 20:55 | Queue | Villager (Male) |
| 21:05 | Build | Monastery |
| 21:07 | Build | Monastery |
| 21:08 | Queue | Villager (Male) |
| 21:16 | Research | Gold Mining |
| 21:16 | Research | Wheelbarrow |
| 21:18 | Queue | Villager (Male) |
| 21:44 | Queue | Villager (Male) |
| 21:51 | Queue | Monk |
| 21:55 | Queue | Monk |
| 21:57 | Queue | Villager (Male) |
| 22:01 | Queue | Villager (Male) |
| 22:06 | Build | Town Center |
| 22:09 | Queue | Villager (Male) |
| 22:12 | Build | Town Center |
| 22:21 | Queue | Monk |
| 22:21 | Queue | Monk |
| 22:24 | Queue | Monk |
| 22:34 | Queue | Villager (Male) |
| 22:41 | Queue | Villager (Male) |
| 22:49 | Queue | Villager (Male) |
| 23:14 | Queue | Villager (Male) |
| 23:20 | Queue | Monk |
| 23:21 | Queue | Villager (Male) |
| 23:21 | Queue | Villager (Male) |
| 23:28 | Queue | Villager (Male) |
| 23:41 | Build | Farm |
| 23:43 | Queue | Villager (Male) |
| 23:43 | Queue | Villager (Male) |
| 23:54 | Queue | Villager (Male) |
| 24:07 | Queue | Monk |
| 24:08 | Queue | Villager (Male) |
| 24:08 | Queue | Villager (Male) |
| 24:10 | Queue | Villager (Male) |
| 24:15 | Build | House |
| 24:24 | Queue | Villager (Male) |
| 24:31 | Queue | Villager (Male) |
| 24:33 | Queue | Monk |
| 24:34 | Queue | Villager (Male) |
| 24:41 | Queue | Villager (Male) |
| 24:58 | Queue | Villager (Male) |
| 24:59 | Queue | Monk |
| 25:00 | Queue | Villager (Male) |
| 25:24 | Queue | Monk |
| 25:25 | Queue | Villager (Male) |
| 25:25 | Queue | Villager (Male) |
| 25:25 | Queue | Villager (Male) |
| 25:30 | Build | Town Center |
| 25:33 | Queue | Villager (Male) |
Build order — abundzuehalt
First 150 of 361 actions detected
| 0:00 | Queue | Villager (Male) ×4 |
| 0:01 | Build | House |
| 0:02 | Build | House |
| 1:26 | Queue | Villager (Male) |
| 1:52 | Build | Lumber Camp |
| 1:56 | Queue | Villager (Male) |
| 2:11 | Queue | Villager (Male) |
| 2:46 | Queue | Villager (Male) |
| 3:00 | Queue | Villager (Male) |
| 3:24 | Build | House |
| 3:32 | Queue | Villager (Male) |
| 3:46 | Queue | Villager (Male) |
| 3:50 | Build | Mill |
| 4:17 | Queue | Villager (Male) |
| 4:58 | Queue | Villager (Male) |
| 4:59 | Queue | Villager (Male) |
| 5:03 | Build | House |
| 5:15 | Queue | Villager (Male) |
| 5:20 | Queue | Villager (Male) |
| 5:43 | Queue | Villager (Male) |
| 5:44 | Queue | Villager (Male) |
| 5:59 | Build | House |
| 6:34 | Queue | Villager (Male) |
| 6:39 | Queue | Villager (Male) |
| 6:40 | Queue | Villager (Male) |
| 7:05 | Queue | Villager (Male) |
| 7:24 | Build | House |
| 7:25 | Queue | Villager (Male) |
| 7:27 | Queue | Villager (Male) |
| 7:38 | Queue | Villager (Male) |
| 7:44 | Queue | Villager (Male) |
| 7:49 | Queue | Villager (Male) |
| 7:58 | Queue | Villager (Male) |
| 8:09 | Queue | Villager (Male) |
| 8:16 | Queue | Villager (Male) |
| 8:19 | Queue | Villager (Male) |
| 8:42 | Queue | Villager (Male) |
| 8:50 | Build | Palisade Wall |
| 9:04 | Research | Feudal Age |
| 9:14 | Build | Mining Camp |
| 9:36 | Queue | Villager (Male) |
| 9:36 | Queue | Villager (Male) |
| 9:41 | Queue | Villager (Male) |
| 9:45 | Queue | Villager (Male) |
| 9:51 | Build | Palisade Wall |
| 9:53 | Build | Palisade Gate |
| 10:00 | Build | Palisade Gate |
| 10:06 | Build | Palisade Wall |
| 10:14 | Build | Palisade Gate |
| 10:21 | Build | Palisade Gate |
| 10:29 | Build | Palisade Gate |
| 10:37 | Build | Palisade Wall |
| 11:21 | Age | Feudal Age |
| 11:21 | Build | Market |
| 11:23 | Build | Blacksmith |
| 11:29 | Queue | Villager (Male) |
| 12:09 | Research | Castle Age |
| 12:12 | Build | Lumber Camp |
| 12:28 | Research | Double-Bit Axe |
| 12:34 | Build | Palisade Wall |
| 13:03 | Research | Gold Mining |
| 13:19 | Research | Horse Collar |
| 13:46 | Build | House |
| 13:47 | Build | House |
| 13:53 | Build | House |
| 13:54 | Build | House |
| 13:56 | Build | House |
| 13:58 | Queue | Villager (Male) |
| 13:58 | Queue | Villager (Male) |
| 14:51 | Age | Castle Age |
| 14:52 | Build | Siege Workshop |
| 14:54 | Build | Town Center |
| 14:56 | Build | Town Center |
| 15:01 | Research | Bow Saw |
| 15:25 | Queue | Villager (Male) |
| 15:39 | Queue | Mangonel |
| 15:40 | Queue | Villager (Male) |
| 16:03 | Queue | Villager (Male) |
| 16:18 | Queue | Villager (Male) |
| 16:21 | Queue | Mangonel |
| 16:30 | Build | House |
| 16:31 | Queue | Villager (Male) |
| 16:32 | Queue | Villager (Male) |
| 16:41 | Build | Farm |
| 16:41 | Queue | Villager (Male) |
| 16:41 | Queue | Villager (Male) |
| 16:43 | Queue | Villager (Male) |
| 16:52 | Queue | Villager (Male) |
| 16:56 | Build | Farm |
| 17:00 | Queue | Villager (Male) |
| 17:04 | Queue | Villager (Male) |
| 17:05 | Build | Farm |
| 17:06 | Build | Farm |
| 17:17 | Build | Farm |
| 17:18 | Build | Farm |
| 17:34 | Queue | Villager (Male) |
| 17:42 | Build | Farm |
| 17:44 | Build | Farm |
| 17:44 | Build | Farm |
| 17:48 | Build | Farm |
| 17:53 | Build | Farm |
| 17:55 | Build | Farm |
| 17:55 | Queue | Villager (Male) |
| 18:09 | Queue | Villager (Male) |
| 18:09 | Queue | Villager (Male) |
| 18:09 | Queue | Villager (Male) |
| 18:10 | Queue | Villager (Male) |
| 18:14 | Queue | Villager (Male) |
| 18:20 | Build | Farm |
| 18:21 | Build | Farm |
| 18:26 | Build | Farm |
| 18:28 | Queue | Villager (Male) |
| 18:38 | Queue | Mangonel |
| 18:44 | Build | Outpost |
| 18:44 | Queue | Villager (Male) |
| 18:48 | Queue | Villager (Male) |
| 18:56 | Build | Farm |
| 18:56 | Build | Farm |
| 18:58 | Queue | Villager (Male) |
| 19:06 | Build | House |
| 19:07 | Build | House |
| 19:08 | Queue | Villager (Male) |
| 19:16 | Queue | Villager (Male) |
| 19:19 | Build | Farm |
| 19:20 | Build | Farm |
| 19:20 | Queue | Villager (Male) |
| 19:31 | Queue | Villager (Male) |
| 19:37 | Build | Farm |
| 19:43 | Queue | Villager (Male) |
| 19:46 | Build | Palisade Wall |
| 19:48 | Queue | Villager (Male) |
| 19:53 | Queue | Villager (Male) |
| 19:57 | Queue | Villager (Male) |
| 20:03 | Queue | Villager (Male) |
| 20:07 | Queue | Mangonel |
| 20:08 | Build | Monastery |
| 20:10 | Build | Farm |
| 20:17 | Build | Farm |
| 20:18 | Queue | Villager (Male) |
| 20:22 | Build | Farm |
| 20:23 | Build | Farm |
| 20:24 | Build | Farm |
| 20:24 | Queue | Villager (Male) |
| 20:29 | Queue | Villager (Male) |
| 20:29 | Queue | Villager (Male) |
| 20:32 | Build | House |
| 20:32 | Build | House |
| 20:33 | Queue | Villager (Male) |
| 20:37 | Queue | Villager (Male) |
| 20:47 | Queue | Villager (Male) |
Build order — CorsoLa
First 150 of 392 actions detected
| 0:00 | Queue | Villager (Male) |
| 0:01 | Build | House |
| 0:02 | Build | House |
| 0:05 | Queue | Villager (Male) |
| 0:05 | Queue | Villager (Male) |
| 0:06 | Queue | Villager (Male) |
| 0:06 | Queue | Villager (Male) |
| 1:18 | Queue | Villager (Male) |
| 2:07 | Queue | Villager (Male) |
| 2:31 | Queue | Villager (Male) |
| 2:45 | Queue | Villager (Male) |
| 2:50 | Queue | Villager (Male) |
| 3:17 | Queue | Villager (Male) |
| 3:19 | Build | Lumber Camp |
| 3:49 | Queue | Villager (Male) |
| 3:52 | Queue | Villager (Male) |
| 4:22 | Queue | Villager (Male) |
| 4:25 | Build | House |
| 4:39 | Queue | Villager (Male) |
| 4:56 | Queue | Villager (Male) |
| 5:17 | Queue | Villager (Male) |
| 5:33 | Build | Palisade Wall |
| 5:34 | Build | Palisade Wall |
| 5:38 | Build | Palisade Wall |
| 5:39 | Build | Palisade Wall |
| 6:02 | Build | Palisade Wall |
| 6:08 | Research | Loom |
| 6:12 | Build | Palisade Wall |
| 6:18 | Build | Palisade Wall |
| 6:24 | Build | Palisade Wall |
| 6:32 | Build | Palisade Wall |
| 6:40 | Build | Palisade Wall |
| 6:55 | Queue | Villager (Male) |
| 7:04 | Queue | Villager (Male) |
| 7:32 | Queue | Villager (Male) |
| 7:37 | Build | Mill |
| 7:40 | Build | House |
| 8:10 | Research | Feudal Age |
| 9:13 | Queue | Villager (Male) |
| 9:15 | Build | House |
| 9:16 | Build | House |
| 10:04 | Queue | Villager (Male) |
| 10:28 | Age | Feudal Age |
| 10:29 | Build | Town Center |
| 10:30 | Research | Double-Bit Axe |
| 10:40 | Research | Horse Collar |
| 10:46 | Queue | Villager (Male) |
| 11:33 | Queue | Villager (Male) |
| 11:42 | Queue | Villager (Male) |
| 11:54 | Queue | Villager (Male) |
| 11:59 | Build | Farm |
| 12:05 | Queue | Villager (Male) |
| 12:07 | Queue | Villager (Male) |
| 12:21 | Queue | Villager (Male) |
| 12:29 | Queue | Villager (Male) |
| 12:31 | Build | Farm |
| 12:33 | Build | Farm |
| 12:38 | Build | Farm |
| 12:39 | Queue | Villager (Male) |
| 12:44 | Queue | Villager (Male) |
| 12:49 | Queue | Villager (Male) |
| 12:52 | Queue | Villager (Male) |
| 12:54 | Queue | Villager (Male) |
| 13:05 | Queue | Villager (Male) |
| 13:06 | Queue | Villager (Male) |
| 13:16 | Queue | Villager (Male) |
| 13:19 | Build | Mining Camp |
| 13:22 | Build | Farm |
| 13:26 | Queue | Villager (Male) |
| 13:40 | Build | Farm |
| 13:49 | Build | Farm |
| 13:51 | Queue | Villager (Male) |
| 14:00 | Queue | Villager (Male) |
| 14:02 | Build | Farm |
| 14:03 | Queue | Villager (Male) |
| 14:12 | Build | House |
| 14:12 | Build | House |
| 14:13 | Build | House |
| 14:14 | Build | House |
| 14:15 | Queue | Villager (Male) |
| 14:25 | Build | Farm |
| 14:25 | Queue | Villager (Male) |
| 14:36 | Queue | Villager (Male) |
| 14:39 | Queue | Villager (Male) |
| 14:41 | Build | Farm |
| 14:42 | Queue | Villager (Male) |
| 14:44 | Build | Farm |
| 14:45 | Queue | Villager (Male) |
| 14:46 | Queue | Villager (Male) |
| 14:49 | Queue | Villager (Male) |
| 14:55 | Queue | Villager (Male) |
| 14:57 | Build | Farm |
| 14:58 | Queue | Villager (Male) |
| 15:21 | Build | Market |
| 15:29 | Build | House |
| 15:31 | Build | House |
| 15:32 | Build | House |
| 15:34 | Queue | Villager (Male) |
| 15:49 | Queue | Villager (Male) |
| 16:01 | Build | Blacksmith |
| 16:02 | Queue | Villager (Male) |
| 16:04 | Build | Lumber Camp |
| 16:12 | Queue | Villager (Male) |
| 16:27 | Build | House |
| 16:28 | Build | House |
| 16:29 | Build | House |
| 16:30 | Queue | Villager (Male) |
| 16:46 | Research | Wheelbarrow |
| 16:55 | Build | Farm |
| 16:58 | Build | Farm |
| 17:05 | Research | Castle Age |
| 17:05 | Research | Castle Age |
| 17:10 | Queue | Villager (Male) |
| 17:19 | Queue | Villager (Male) |
| 17:25 | Build | Barracks |
| 17:30 | Queue | Villager (Male) |
| 17:44 | Research | Gold Mining |
| 17:59 | Queue | Villager (Male) |
| 18:12 | Build | Mill |
| 18:13 | Build | Farm |
| 18:13 | Build | Farm |
| 18:13 | Build | Farm |
| 18:13 | Build | Farm |
| 18:13 | Build | Farm |
| 18:13 | Build | Farm |
| 18:33 | Build | Stable |
| 18:37 | Build | House |
| 18:38 | Build | House |
| 18:38 | Build | House |
| 18:38 | Build | House |
| 18:39 | Build | House |
| 18:39 | Build | House |
| 18:39 | Build | House |
| 18:42 | Research | Forging |
| 18:44 | Queue | Villager (Male) |
| 18:51 | Research | Town Watch |
| 18:52 | Queue | Villager (Male) |
| 18:55 | Queue | Villager (Male) |
| 18:59 | Queue | Villager (Male) |
| 19:03 | Queue | Villager (Male) |
| 19:04 | Build | Farm |
| 19:06 | Build | Farm |
| 19:19 | Build | Stable |
| 19:22 | Build | Stable |
| 19:30 | Research | Bloodlines |
| 19:49 | Age | Castle Age |
| 19:51 | Research | Bow Saw |
| 19:52 | Queue | Villager (Male) |
| 19:57 | Queue | Villager (Male) |
| 20:03 | Queue | Villager (Male) |
Match timeline
| 0:35 | qso214 · wall_segment Palisade Wall x14 |
| 2:16 | triiitCH2 · wall_segment Palisade Wall x12 |
| 2:22 | OS+ | TeMo · wall_segment Palisade Wall x1 |
| 2:24 | OS+ | TeMo · wall_segment Palisade Wall x1 |
| 3:45 | BalvinatoR · wall_segment Palisade Wall x1 |
| 4:39 | BalvinatoR · wall_segment Palisade Wall x1 |
| 4:39 | BalvinatoR · wall_segment Palisade Wall x1 |
| 4:42 | BalvinatoR · wall_segment Palisade Wall x1 |
| 4:44 | BalvinatoR · wall_segment Palisade Wall x1 |
| 5:33 | CorsoLa · wall_segment Palisade Wall x1 |
| 5:34 | CorsoLa · wall_segment Palisade Wall x1 |
| 5:38 | CorsoLa · wall_segment Palisade Wall x1 |
| 5:39 | CorsoLa · wall_segment Palisade Wall x1 |
| 6:02 | CorsoLa · wall_segment Palisade Wall x1 |
| 6:12 | CorsoLa · wall_segment Palisade Wall x1 |
| 6:18 | CorsoLa · wall_segment Palisade Wall x1 |
| 6:24 | CorsoLa · wall_segment Palisade Wall x1 |
| 6:32 | CorsoLa · wall_segment Palisade Wall x1 |
| 6:40 | CorsoLa · wall_segment Palisade Wall x1 |
| 7:28 | OS+ | TeMo · wall_segment Palisade Wall x1 |
| 8:08 | coolcat23 · wall_segment Palisade Wall x15 |
| 8:41 | coolcat23 · wall_segment Palisade Wall x1 |
| 8:50 | abundzuehalt · wall_segment Palisade Wall x1 |
| 8:50 | triiitCH2 · age_up feudal |
| 9:04 | qso214 · wall_segment Palisade Wall x18 |
| 9:19 | OS+ | TeMo · wall_segment Palisade Wall x15 |
| 9:51 | abundzuehalt · wall_segment Palisade Wall x1 |
| 10:04 | danger_noodle42 · first_building Barracks |
| 10:06 | abundzuehalt · wall_segment Palisade Wall x1 |
| 10:10 | qso214 · wall_segment Palisade Wall x1 |
| 10:28 | CorsoLa · age_up feudal |
| 10:32 | BalvinatoR · age_up feudal |
| 10:35 | qso214 · age_up feudal |
| 10:37 | abundzuehalt · wall_segment Palisade Wall x1 |
| 10:38 | qso214 · wall_segment Stone Wall x12 |
| 10:52 | coolcat23 · wall_segment Palisade Wall x1 |
| 11:21 | abundzuehalt · age_up feudal |
| 11:31 | danger_noodle42 · wall_segment Palisade Wall x1 |
| 11:32 | danger_noodle42 · wall_segment Palisade Wall x1 |
| 11:33 | danger_noodle42 · wall_segment Palisade Wall x1 |
| 11:39 | danger_noodle42 · wall_segment Palisade Wall x1 |
| 11:46 | danger_noodle42 · age_up feudal |
| 11:48 | danger_noodle42 · first_building Stable |
| 12:05 | triiitCH2 · wall_segment Stone Wall x11 |
| 12:34 | abundzuehalt · wall_segment Palisade Wall x1 |
| 13:19 | danger_noodle42 · wall_segment Palisade Wall x1 |
| 13:19 | danger_noodle42 · wall_segment Palisade Wall x1 |
| 13:23 | danger_noodle42 · wall_segment Palisade Wall x1 |
| 13:25 | danger_noodle42 · wall_segment Palisade Wall x1 |
| 13:28 | danger_noodle42 · wall_segment Palisade Wall x1 |
| 13:29 | danger_noodle42 · wall_segment Palisade Wall x1 |
| 14:07 | BalvinatoR · age_up castle |
| 14:15 | danger_noodle42 · wall_segment Palisade Wall x1 |
| 14:20 | danger_noodle42 · wall_segment Palisade Wall x1 |
| 14:31 | coolcat23 · age_up feudal |
| 14:35 | coolcat23 · wall_segment Stone Wall x7 |
| 14:37 | coolcat23 · wall_segment Stone Wall x7 |
| 14:39 | coolcat23 · wall_segment Stone Wall x1 |
| 14:49 | triiitCH2 · wall_segment Stone Wall x5 |
| 14:51 | abundzuehalt · age_up castle |
| 14:51 | triiitCH2 · wall_segment Stone Wall x1 |
| 14:52 | abundzuehalt · first_building Siege Workshop |
| 15:31 | BalvinatoR · first_market_buy 100 stone |
| 15:38 | triiitCH2 · wall_segment Stone Wall x1 |
| 15:41 | danger_noodle42 · age_up castle |
| 15:44 | danger_noodle42 · first_building Siege Workshop |
| 15:50 | qso214 · age_up castle |
| 16:09 | OS+ | TeMo · age_up feudal |
| 16:21 | qso214 · first_market_buy 100 food |
| 17:17 | qso214 · wall_segment Stone Wall x7 |
| 17:18 | qso214 · wall_segment Stone Wall x10 |
| 17:25 | CorsoLa · first_building Barracks |
| 17:31 | qso214 · first_building Siege Workshop |
| 17:34 | danger_noodle42 · first_building Monastery |
| 17:59 | BalvinatoR · first_building Barracks |
| 17:59 | coolcat23 · wall_segment Stone Wall x1 |
| 18:08 | qso214 · first_market_sell 100 stone |
| 18:08 | abundzuehalt · first_market_buy 100 food |
| 18:11 | coolcat23 · age_up castle |
| 18:13 | coolcat23 · first_building Siege Workshop |
| 18:16 | coolcat23 · wall_segment Stone Wall x1 |
| 18:32 | coolcat23 · wall_segment Stone Wall x1 |
| 18:33 | CorsoLa · first_building Stable |
| 18:49 | coolcat23 · wall_segment Stone Wall x1 |
| 19:05 | triiitCH2 · wall_segment Stone Wall x11 |
| 19:40 | BalvinatoR · first_building Stable |
| 19:46 | abundzuehalt · wall_segment Palisade Wall x1 |
| 19:49 | CorsoLa · age_up castle |
| 20:08 | abundzuehalt · first_building Monastery |
| 20:11 | OS+ | TeMo · wall_segment Palisade Wall x1 |
| 20:13 | OS+ | TeMo · age_up castle |
| 20:29 | qso214 · wall_segment Stone Wall x1 |
| 20:31 | qso214 · wall_segment Stone Wall x1 |
| 20:33 | qso214 · wall_segment Stone Wall x1 |
| 20:59 | CorsoLa · first_market_buy 100 food |
| 21:05 | OS+ | TeMo · first_building Monastery |
| 21:06 | triiitCH2 · age_up castle |
| 21:12 | coolcat23 · wall_segment Palisade Wall x1 |
| 21:16 | triiitCH2 · first_market_buy 100 stone |
| 21:29 | triiitCH2 · first_building Castle |
| 21:37 | OS+ | TeMo · first_market_sell 100 food |
| 21:39 | CorsoLa · first_building Siege Workshop |
| 22:12 | qso214 · first_building Castle |
| 22:19 | triiitCH2 · first_market_sell 100 stone |
| 22:27 | triiitCH2 · wall_segment Palisade Wall x1 |
| 22:29 | triiitCH2 · wall_segment Palisade Wall x1 |
| 23:23 | abundzuehalt · first_market_sell 500 wood |
| 23:28 | coolcat23 · first_building Barracks |
| 23:30 | coolcat23 · wall_segment Palisade Wall x1 |
| 23:32 | coolcat23 · wall_segment Palisade Wall x1 |
| 24:34 | coolcat23 · first_building Archery Range |
| 24:42 | coolcat23 · wall_segment Stone Wall x2 |
| 25:10 | triiitCH2 · first_building Siege Workshop |
| 25:42 | BalvinatoR · first_market_sell 100 wood |
| 25:53 | BalvinatoR · first_building Siege Workshop |
| 25:56 | triiitCH2 · age_up imperial |
| 26:31 | qso214 · first_building Barracks |
| 26:59 | triiitCH2 · wall_segment Stone Wall x1 |
| 27:01 | triiitCH2 · wall_segment Stone Wall x1 |
| 27:02 | triiitCH2 · wall_segment Stone Wall x1 |
| 27:03 | danger_noodle42 · first_market_buy 100 stone |
| 27:03 | triiitCH2 · wall_segment Stone Wall x1 |
| 27:08 | BalvinatoR · first_building Archery Range |
| 27:22 | abundzuehalt · age_up imperial |
| 27:22 | triiitCH2 · wall_segment Stone Wall x6 |
| 27:23 | abundzuehalt · first_building Castle |
| 27:38 | BalvinatoR · first_building Castle |
| 27:48 | qso214 · first_building Archery Range |
| 27:52 | triiitCH2 · first_building Barracks |
| 28:08 | triiitCH2 · wall_segment Stone Wall x1 |
| 28:09 | triiitCH2 · wall_segment Stone Wall x1 |
| 28:34 | coolcat23 · first_market_buy 100 stone |
| 28:46 | coolcat23 · first_building Castle |
| 29:18 | coolcat23 · first_market_sell 100 wood |
| 29:29 | BalvinatoR · age_up imperial |
| 29:34 | CorsoLa · first_market_sell 500 wood |
| 29:41 | CorsoLa · first_building Monastery |
| 30:22 | OS+ | TeMo · first_market_buy 100 food |
| 30:42 | OS+ | TeMo · first_building Barracks |
| 31:34 | danger_noodle42 · first_market_sell 100 wood |
| 31:53 | coolcat23 · wall_segment Stone Wall x1 |
| 31:54 | coolcat23 · wall_segment Stone Wall x1 |
| 32:40 | abundzuehalt · first_building Barracks |
| 32:42 | OS+ | TeMo · first_building Archery Range |
| 32:49 | coolcat23 · wall_segment Stone Wall x1 |
| 33:20 | CorsoLa · age_up imperial |
| 33:20 | OS+ | TeMo · first_building Siege Workshop |
| 33:28 | danger_noodle42 · first_building Castle |
| 33:33 | OS+ | TeMo · resign |
| 33:51 | triiitCH2 · first_building Archery Range |
[ AI ANALYSIS · 1 CREDIT ]
What really happened in this match?
Wolo.gg analyzes every decision: build order, eco, micro, common mistakes by bracket. Personalized analysis on WhatsApp or Discord in 30 seconds.
Civ guide
Berbers
Perfil
Jugador #90088